 Dungeon Crawl Stone Soup version 0.17.0-56-gd8de76c (webtiles) character file.

15622 fredomojojo the Blocker (level 12, -6/94 HPs)
             Began as a Formicid Fighter on Dec 4, 2015.
             Was a High Priest of Okawaru.
             Mangled by a sixfirhy (7 damage)
             ... summoned by an orc high priest
             ... on level 4 of the Orcish Mines.
             The game lasted 03:33:37 (14948 turns).

fredomojojo the Blocker (Formicid Fighter)         Turns: 14948, Time: 03:33:37

Health: -6/94      AC: 14    Str: 27    XL:     12   Next: 60%
Magic:  13/13      EV:  9    Int:  9    God:    Okawaru [*****.]
Gold:   1548       SH: 15    Dex:  8    Spells: 0 memorised, 11 levels left

rFire  + + .     SeeInvis +     h - +0 rod of destruction (0/13)
rCold  + . .     Clarity  .     R - +0 plate armour {rF+}
rNeg   + . .     SustAt   .     F - +2 shield
rPois  .         Gourm    .     (helmet unavailable)
rElec  .         Spirit   .     (no cloak)
rCorr  .         Warding  +     (no gloves)
rMut   .         Stasis   +     (no boots)
MR     +....                    E - amulet of warding
Stlth  ..........               t - ring of protection from cold
                                T - ring of protection from fire

@: drained, somewhat resistant to hostile enchantments, extremely unstealthy
A: permanent stasis, dig shafts and tunnels, four strong arms, antennae 3,
clumsy 1, strong 1, MP-powered wands
a: Dig, Shaft Self, Heroism, Renounce Religion


You were on level 4 of the Orcish Mines.
You worshipped Okawaru.
Okawaru was extremely pleased with you.
You were not hungry.

You visited 2 branches of the dungeon, and saw 13 of its levels.

You collected 1660 gold pieces.
You spent 112 gold pieces at shops.

Inventory:

Hand Weapons
 a - a cursed -3 dire flail
 k - a +4 flail of draining
 l - a +0 trident of venom
 m - a +2 spear of flaming
 s - a +2 hand axe of chopping
 y - a +0 great sword
 U - a +0 quarterstaff of draining
Missiles
 e - 3 javelins
 n - 7 steel javelins
 P - 13 tomahawks (quivered)
Armour
 o - the +1 robe "Imokoeq" {*Confuse rN+++ Slay+2 Stlth+}
   (Okawaru gifted it to you on level 4 of the Orcish Mines)

   It affects your accuracy and damage with ranged weapons and melee attacks
   (+2).
   It renders you almost immune to negative energy.
   It may confuse you when you take damage.
   It makes you more stealthy.
 w - a +2 scale mail of cold resistance
 F - a +2 shield (worn)
 H - a +2 ring mail of poison resistance
 R - a +0 plate armour of fire resistance (worn)
Magical Staves
 I - an uncursed staff of earth
Rods
 h - a +0 rod of destruction (0/13) (weapon)
   (You found it on level 2 of the Dungeon)
Jewellery
 t - a ring of protection from cold (right hand)
 E - an amulet of warding (around neck)
 J - an uncursed ring of flight
 T - a ring of protection from fire (left hand)
Wands
 c - a wand of invisibility (2)
 g - a wand of fire (2)
 p - a wand of slowing (18)
 D - a wand of fire (12)
 L - a wand of teleportation (6)
 N - a wand of flame (20)
 Q - a wand of magic darts (30)
 Y - a wand of fireball (0)
Scrolls
 f - 4 scrolls of remove curse
 z - 2 scrolls of recharging
 A - 4 scrolls of enchant weapon
 G - a scroll of blinking {unknown}
 O - 2 scrolls of fog {unknown}
 V - 2 scrolls of random uselessness {unknown}
Potions
 b - 9 potions of curing
 d - 2 potions of might
 i - a potion of resistance {unknown}
 j - a potion of cancellation {unknown}
 r - a potion of poison {unknown}
 u - a potion of flight {unknown}
 x - 2 potions of agility {unknown}
 B - a potion of beneficial mutation {unknown}
 S - a potion of cure mutation {unknown}
Miscellaneous
 q - a box of beasts {used: 2}
Comestibles
 v - a bread ration
 C - 9 chunks of flesh
 K - 4 meat rations
 M - 10 slices of pizza


   Skills:
 + Level 8.8(8.2) Fighting
 + Level 9.5(8.9) Polearms
 + Level 0.2(5.4) Staves
 + Level 3.1(2.6) Throwing
 + Level 10.1(9.5) Armour
 + Level 6.0(5.4) Dodging
 + Level 0.6(0.2) Stealth
 + Level 12.5(11.9) Shields
 + Level 1.0(0.6) Invocations
 + Level 2.4(1.9) Evocations


You had 11 spell levels left.
You didn't know any spells.

Dungeon Overview and Level Annotations

Branches:
Dungeon (9/15)             Temple (0/1) D:6             Orc (4/4) D:9
    Elf (0/3) Orc:3
   Lair: D:8-11

Altars:
Cheibriados
Dithmenos
Elyvilon
Fedhas
Gozag
Kikubaaqudgha
Nemelex Xobeh
Okawaru
Sif Muna
Vehumet
Zin
Beogh

Shops:
D:6 *   D:8 %   Orc:2 [   Orc:4 ?[}%?

Annotations:
D:8 Blork the orc
Orc:3 exclusion: warg


Innate Abilities, Weirdness & Mutations

You are under a permanent stasis effect.
You can dig through walls and to a lower floor.
Your four strong arms can wield two-handed weapons with a shield.
You have a pair of large antennae on your head (SInv).
You are clumsy. (Dex -2)
Your muscles are strong. (Str +2)
You expend magic power (3 MP) to strengthen your wands.


Message History

The crystal bolt burns the ufetubus.
The ufetubus is burned terribly!
You kill the ufetubus!
The ynoxinul gestures.
The orc high priest hits you but does no damage.
The ufetubus disappears in a puff of smoke!
The sixfirhy hits you.
* * * LOW HITPOINT WARNING * * *
The sixfirhy shocks you!
* * * LOW HITPOINT WARNING * * *
You block the sixfirhy's attack.
The sixfirhy's attack is warded away.
You block the sixfirhy's attack. You block the sixfirhy's attack.
The sixfirhy hits you.
* * * LOW HITPOINT WARNING * * *
The sixfirhy shocks you!
* * * LOW HITPOINT WARNING * * *
The sixfirhy hits you.
* * * LOW HITPOINT WARNING * * *
The sixfirhy shocks you!
You die...

###....(..(......
##5{55...o.....
#5o55..........
##{{55.........
#{##########.##
#{# ######.## #.#
#.....{.{
##########.#
...####.##
##......@4..# #.#
##.###########
{{{#.# ##.## {
#.# ##.## { #.#
##.## ... ##.##
.. ##.## { ##.##
##.## { {


You could see a sixfirhy.

Vanquished Creatures
  The ghost of bollicks1999 the Blocker, a novice MiFi of Qazlal (D:9)
  2 orc high priests (Orc:4)
  Urug (Orc:2)
  2 orc knights (Orc:3)
  4 orc sorcerers (Orc:4)
  A cyclops (Orc:4)
  3 trolls
  2 two-headed ogres
  Grinder (D:3)
  Sigmund (D:4)
  A human (D:8)
  3 hippogriffs
  A yak (D:9)
  3 hungry ghosts
  3 wargs (Orc:3)
  Purgy (D:3)
  A water moccasin (D:9)
  16 orc warriors
  7 ogres
  2 ice beasts
  2 phantoms
  2 necrophages (D:7)
  6 sky beasts
  A centaur (D:5)
  2 big kobolds
  5 giant frogs
  3 scorpions
  9 killer bees (D:8)
  2 vampire bats (D:9)
  4 crimson imps
  2 giant frog zombies (D:6)
  A centaur skeleton (D:6)
  2 hounds
  3 quasits
  16 orc priests
  A gnoll shaman (D:6)
  Ijyb (D:4)
  2 giant frog skeletons (D:4)
  28 orc wizards
  Terence (D:3)
  14 worker ants
  7 iguanas
  A hound skeleton (D:4)
  A worker ant zombie (D:8)
  Robin (D:3)
  15 adders
  5 gnolls
  2 shadow imps
  4 adder zombies
  An ooze (D:3)
  2 adder skeletons (D:6)
  3 worms
  A giant gecko (D:9)
  174 orcs
  6 bats
  2 bat skeletons (D:9)
  3 bat zombies (D:9)
  5 hobgoblins
  16 kobolds
  4 quokkas
  5 giant cockroaches
  5 giant newts
  14 goblins
  9 jackals
  6 rats
455 creatures vanquished.

Vanquished Creatures (collateral kills)
  An orc priest (Orc:4)
  2 orc wizards (Orc:4)
3 creatures vanquished.

Vanquished Creatures (others)
  An orc wizard (Orc:4)
1 creature vanquished.

Grand Total: 459 creatures vanquished

Notes
Turn   | Place    | Note
--------------------------------------------------------------
     0 | D:1      | fredomojojo the Formicid Fighter began the quest for the Orb.
     0 | D:1      | Reached XP level 1. HP: 18/18 MP: 1/1
   103 | D:1      | Reached skill level 4 in Shields
   114 | D:1      | Reached XP level 2. HP: 22/24 MP: 2/2
   208 | D:2      | Noticed Ijyb
   470 | D:1      | Reached XP level 3. HP: 29/29 MP: 3/3
   778 | D:2      | Reached XP level 4. HP: 18/35 MP: 4/4
  1312 | D:3      | Noticed Robin
  1325 | D:3      | Killed Robin
  1477 | D:3      | Noticed Purgy
  1492 | D:3      | Killed Purgy
  1492 | D:3      | Reached skill level 1 in Dodging
  1492 | D:3      | Reached skill level 5 in Shields
  1492 | D:3      | Reached XP level 5. HP: 32/42 MP: 5/5
  1595 | D:3      | Found a faded altar to an unknown god.
  1596 | D:3      | Noticed Terence
  1602 | D:3      | Killed Terence
  1602 | D:3      | Reached XP level 6. HP: 48/48 MP: 6/6
  2401 | D:4      | Reached XP level 7. HP: 54/54 MP: 7/7
  2498 | D:3      | Noticed Grinder
  2514 | D:3      | Killed Grinder
  2514 | D:3      | Reached skill level 5 in Armour
  2770 | D:3      | Reached skill level 6 in Shields
  2831 | D:4      | Found an iron altar of Okawaru.
  2831 | D:4      | Noticed Sigmund
  2968 | D:4      | Reached XP level 8. HP: 22/61 MP: 8/8
  3221 | D:4      | Reached skill level 5 in Fighting
  3264 | D:5      | Entered Level 5 of the Dungeon
  3377 | D:4      | Killed Sigmund
  3624 | D:5      | Noticed a troll
  3626 | D:5      | Identified a +0 rod of destruction (13/13) (You found it on level 2 of the Dungeon)
  3649 | D:5      | Killed a troll
  3649 | D:5      | Reached skill level 5 in Polearms
  3649 | D:5      | Reached skill level 7 in Shields
  3649 | D:5      | Reached XP level 9. HP: 33/69 MP: 9/9
  3790 | D:5      | Found a snail-covered altar of Cheibriados.
  3790 | D:5      | Found a shadowy altar of Dithmenos.
  3790 | D:5      | Found a glowing silver altar of Zin.
  4253 | D:4      | Killed Ijyb
  4421 | D:4      | Found an opulent altar of Gozag.
  4440 | D:4      | Found a white marble altar of Elyvilon.
  4457 | D:4      | Became a worshipper of Warmaster Okawaru
  4720 | D:5      | Reached skill level 8 in Shields
  4952 | D:6      | Found a radiant altar of Vehumet.
  4982 | D:6      | Found Aryah's Assorted Antiques.
  5128 | D:6      | Reached * piety under Okawaru
  5231 | D:6      | Reached skill level 5 in Dodging
  5243 | D:6      | Reached XP level 10. HP: 74/77 MP: 10/10
  5257 | D:6      | Found a sparkling altar of Nemelex Xobeh.
  5682 | D:6      | Found a staircase to the Ecumenical Temple.
  5845 | D:7      | Reached ** piety under Okawaru
  5845 | D:7      | Reached skill level 9 in Shields
  6201 | D:7      | Found a blossoming altar of Fedhas.
  6950 | D:8      | Reached skill level 10 in Shields
  6996 | D:8      | Found Eshet's Food Boutique.
  7018 | D:8      | Noticed Blork the orc
  7026 | D:8      | Found a deep blue altar of Sif Muna.
  7115 | D:8      | Reached *** piety under Okawaru
  7528 | D:9      | Gained mutation: Your muscles are strong. (Str +2) [mutagenic meat]
  7529 | D:9      | Gained mutation: You expend magic power (3 MP) to strengthen your wands. [mutagenic meat]
  7530 | D:9      | Gained mutation: You are clumsy. (Dex -2) [mutagenic meat]
  7884 | D:9      | Reached XP level 11. HP: 83/83 MP: 11/11
  8019 | D:9      | Got an ichor-stained ring mail
  8030 | D:9      | Identified the +3 ring mail of Disaster {MR+} (You found it on level 9 of the Dungeon)
  8434 | D:9      | Found an ancient bone altar of Kikubaaqudgha.
  8724 | D:9      | Reached skill level 11 in Shields
  8873 | D:9      | Reached **** piety under Okawaru
  9131 | D:9      | Noticed bollicks1999's ghost (novice MiFi)
  9155 | D:9      | Killed bollicks1999's ghost
  9336 | D:9      | Found a staircase to the Orcish Mines.
  9345 | Orc:1    | Entered Level 1 of the Orcish Mines
 10132 | Orc:2    | Noticed Urug
 10183 | Orc:2    | Killed Urug
 10890 | Orc:2    | Found Reibb's Antique Armour Emporium.
 11079 | Orc:3    | Noticed an orc knight
 11113 | Orc:3    | Killed an orc knight
 11113 | Orc:3    | Reached skill level 1 in Evocations
 11128 | Orc:3    | Reached skill level 1 in Throwing
 11560 | Orc:3    | Found a staircase to the Elven Halls.
 11576 | Orc:3    | Reached ***** piety under Okawaru
 11920 | Orc:4    | Entered Level 4 of the Orcish Mines
 12005 | Orc:4    | Found Nixkuock's Magic Scroll Shoppe.
 12021 | Orc:4    | Bought a scroll of identify for 28 gold pieces
 12021 | Orc:4    | Bought a scroll of identify for 28 gold pieces
 12021 | Orc:4    | Bought a scroll of identify for 28 gold pieces
 12021 | Orc:4    | Bought a scroll of identify for 28 gold pieces
 12071 | Orc:4    | Reached skill level 12 in Shields
 12185 | Orc:4    | Reached XP level 12. HP: 75/94 MP: 13/13
 12211 | Orc:4    | Noticed an orc high priest
 12251 | Orc:4    | Noticed an orc sorcerer
 12292 | Orc:4    | Killed an orc high priest
 12292 | Orc:4    | Received a gift from Okawaru
 12311 | Orc:4    | Killed an orc sorcerer
 12311 | Orc:4    | Received a gift from Okawaru
 12311 | Orc:4    | Reached skill level 1 in Invocations
 12323 | Orc:4    | Got a silken robe {god gift}
 12334 | Orc:4    | Identified the +1 robe "Imokoeq" {*Confuse rN+++ Slay+2 Stlth+} (Okawaru gifted it to you on level 4 of the Orcish Mines)
 12432 | Orc:4    | Found Turodet's Food Boutique.
 12591 | Orc:4    | Found Nisuc's Magic Scroll Emporium.
 12621 | Orc:4    | Found Laufyor's Gadget Boutique.
 12656 | Orc:4    | Noticed a cyclops
 12677 | Orc:4    | HP: 4/94 [cyclops/large rock (27)]
 12687 | Orc:4    | Killed a cyclops
 12894 | Orc:4    | Found a runed door.
 13027 | Orc:4    | Noticed an orc sorcerer
 13027 | Orc:4    | Noticed an orc sorcerer
 13053 | Orc:4    | Killed an orc sorcerer
 13076 | Orc:4    | Killed an orc sorcerer
 13085 | Orc:4    | Noticed an orc high priest
 13423 | Orc:4    | Noticed a sun demon
 13752 | Orc:4    | Killed an orc high priest
 13817 | Orc:4    | Found a roughly hewn altar of Beogh.
 13894 | Orc:4    | Found Suclud's Armour Emporium.
 13997 | Orc:4    | Noticed an orc sorcerer
 14003 | Orc:4    | Noticed an orc knight
 14006 | Orc:4    | Noticed an orc high priest
 14009 | Orc:4    | Noticed an orc knight
 14010 | Orc:4    | Noticed an orc high priest
 14011 | Orc:4    | Noticed an orc sorcerer
 14016 | Orc:4    | Noticed a sun demon
 14776 | Orc:3    | Killed an orc knight
 14776 | Orc:3    | Reached skill level 10 in Armour
 14913 | Orc:4    | Noticed an orc high priest
 14942 | Orc:4    | Killed an orc sorcerer
 14947 | Orc:4    | HP: 4/94 [sixfirhy[an orc high priest] (8)]
 14948 | Orc:4    | HP: 1/94 [sixfirhy[an orc high priest] (4)]
 14948 | Orc:4    | Mangled by a sixfirhy

Action                   |  1- 3 |  4- 6 |  7- 9 | 10-12 || total
-------------------------+-------+-------+-------+-------++-------
Melee: Trident           |    61 |       |    69 |    66 ||   196
       Spear             |    32 |   161 |   446 |  1814 ||  2453
       Staff             |       |       |       |    12 ||    12
       Long sword        |       |       |       |    10 ||    10
       Quarterstaff      |       |       |       |     7 ||     7
Throw: Tomahawk          |       |       |       |   102 ||   102
       Javelin           |       |       |       |     6 ||     6
Invok: Heroism           |       |       |       |     4 ||     4
 Abil: Dig               |       |       |     5 |    41 ||    46
Evoke: Rod               |       |       |     1 |    29 ||    30
       Wand              |       |       |       |    10 ||    10
       Box of beasts     |       |       |       |     2 ||     2
  Use: Scroll            |       |       |       |    11 ||    11
       Potion            |       |       |       |     9 ||     9
  Eat: Bread ration      |       |     1 |     2 |     2 ||     5
       Chunk             |       |     1 |     4 |    39 ||    44
       Beef jerky        |       |       |       |     2 ||     2
       Fruit             |       |       |       |     4 ||     4
